 Dungeon Sprint DCSS version 0.30-a0-219-gf2db51d15e (webtiles) character file.

Game seed: 16668131575149429477

2281 rocky1 the Grappler (level 9, -10/85 HPs)
             Began as a Black Draconian Monk on Oct 7, 2022.
             Was a High Priest of Sif Muna.
             Mangled by a deep troll (12 damage)
             ... in the Dungeon (Sprint VII: "The Pits").
             The game lasted 00:07:19 (2032 turns).

rocky1 the Grappler (Black Draconian Monk)          Turns: 2032, Time: 00:07:20

Health: -10/85     AC: 10    Str: 14    XL:     9   Next: 16%
Magic:  20/20      EV: 15    Int: 21    God:    Sif Muna [*****.]
Gold:   0          SH:  0    Dex: 13    Spells: 16/23 levels left

rFire   . . .      SeeInvis .      - Unarmed
rCold   . . .      Faith    .    (no shield)
rNeg    . . .      Spirit   .    (body armour unavailable)
rPois   .          Reflect  .    (helmet restricted)
rElec   +          Harm     .    p - +0 cloak
rCorr   .          Rampage  .    o - +0 pair of gloves
Will    .....      NoTele   +    n - +0 pair of boots
Stlth   ++++......               (no amulet)
HPRegen 0.34/turn                k - +3 ring of intelligence
MPRegen 0.17/turn                f - +3 ring of intelligence

@: no status effects
A: breathe lightning, AC +7, unfitting armour, electricity resistance,
cold-blooded
a: Breathe Lightning, Renounce Religion, Channel Magic, Forget Spell, Divine
Exegesis


You were in the Dungeon.
You worshipped Sif Muna.
Sif Muna was extremely pleased with you.
You visited 1 branch

Inventory:

Hand Weapons
 q - a +0 lajatang of electrocution
Armour
 n - a +0 pair of boots (worn)
 o - a +0 pair of gloves (worn)
 p - a +0 cloak (worn)
Jewellery
 f - a +3 ring of intelligence (right hand)
 k - a +3 ring of intelligence (left hand)
Scrolls
 g - a scroll of blinking
 i - 5 scrolls of amnesia
 j - a scroll of summoning
Potions
 a - a potion of ambrosia
 b - 8 potions of heal wounds
 c - 10 potions of curing
 d - a potion of haste
 e - 4 potions of magic
 h - a potion of invisibility
 l - a potion of resistance


   Skills:
 + Level 9.9 Fighting
 + Level 8.2 Dodging
 + Level 8.8 Stealth
 * Level 12.2 Unarmed Combat
 + Level 7.7 Spellcasting
 + Level 4.6 Air Magic


You had 16 spell levels left.
You knew the following spells:

 Your Spells              Type           Power      Damage    Failure   Level
a - Shock                 Conj/Air       68%        1d7       3%          1
b - Conjure Ball Lightni  Conj/Air       8%         3x3d6     99%         6

Your spell library contained the following spells:

 Spells                   Type           Power      Damage    Failure   Level
 Swiftness                Air            27%        N/A       3%          3
 Apportation              Tloc           16%        N/A       9%          1
 Foxfire                  Conj/Fire      32%        2x1d5     9%          1
 Necrotise                Necr           32%        1d5       9%          1
 Summon Small Mammal      Summ           32%        N/A       9%          1
 Summon Ice Beast         Ice/Summ       8%         N/A       63%         4
 Simulacrum               Ice/Necr       4%         N/A       100%        6


Dungeon Overview and Level Annotations

Branches:
Dungeon (1/1)

Altars:
Ashenzari
Cheibriados
Dithmenos
Elyvilon
Fedhas
Gozag
Hepliaklqana
Kikubaaqudgha
Makhleb
Nemelex Xobeh
Okawaru
Qazlal
Ru
Sif Muna
Trog
Uskayaw
Vehumet
Wu Jian
Xom
Yredelemnul
Zin
The Shining One
Jiyva
Lugonu


Innate Abilities, Weirdness & Mutations

You can breathe wild blasts of lightning.
Your glossy black scales are hard. (AC +7)
You cannot fit into any form of body armour.
You are resistant to electric shocks. (rElec)
You are cold-blooded and may be slowed by cold attacks.


Message History

You punch the water moccasin.
You kill the water moccasin!
Sif Muna accepts your kill.
You feel sick.
Unknown command.
Okay, then.
You feel sick.
There is a huge open gate to the Metal Vault (Medium) here.
You feel sick.
There is a huge open gate to the Metal Vault (Medium) here.
You feel sick.
You feel sick.
You feel sick.
You feel sick.
You are no longer poisoned.
You punch the deep troll!
Your tail-slap misses the deep troll.
The deep troll is lightly wounded.
You punch the deep troll!
The deep troll is moderately wounded.
The deep troll bites you!! The deep troll claws you!
The deep troll closely misses you.
You punch the deep troll!
The deep troll is heavily wounded.
The deep troll misses you. x2; The deep troll claws you.
You hit the deep troll but do no damage.
You tail-slap the deep troll, but do no damage.
The deep troll is heavily wounded.
The deep troll bites you! The deep troll claws you!
* * * LOW HITPOINT WARNING * * *
The deep troll completely misses you.
You punch the deep troll!
Your tail-slap misses the deep troll.
The deep troll is heavily wounded.
You hit the deep troll but do no damage.
The deep troll is heavily wounded.
The deep troll bites you!
* * * LOW HITPOINT WARNING * * *
The deep troll claws you.
* * * LOW HITPOINT WARNING * * *
The deep troll claws you!
You die...

________.# ________.#
______...###########++######
########'##................#
?(.')))'.##......#..#......#
########.##................+
..........'................+
#####'#####......#..#......#
#...#)#[[##.....@T.........#
#..)#.#))#####'#####''######
#...')#))##.......##''#####
##†####))##.......##......+
#.....#..##.......##......+
#.....#'###...<...##.....##
#........##.......##...###
#........##.......##..##
###########.......##''#


You could see a deep troll.

Vanquished Creatures
  An orange demon (D)
  A demonic crawler (D)
  2 komodo dragons (D)
  A small abomination (D)
  2 vampire mosquitoes (D)
  Duvessa (D)
  A water moccasin (D)
  A sky beast (D)
  A black bear (D)
  An ogre (D)
  A necrophage (D)
  2 scorpions (D)
  Dowan (D)
  A crimson imp (D)
  Terence (D)
  An iguana (D)
  A mummy (D)
  A gnoll (D)
  A river rat (D)
  An ufetubus (D)
  An adder skeleton (D)
  An orc (D)
  2 endoplasms (D)
  2 goblins (D)
  A hobgoblin (D)
30 creatures vanquished.

Notes
Turn   | Place    | Note
-------+----------+-------------------------------------------
     0 | D        | rocky1 the Draconian Monk began the quest for the Orb.
     0 | D        | Reached XP level 1. HP: 19/19 MP: 1/1
    39 | D        | Found a bloodstained altar of Trog.
    39 | D        | Found a shimmering blue altar of Sif Muna.
    39 | D        | Found a viscous altar of Jiyva.
    39 | D        | Found a hazy altar of Hepliaklqana.
    39 | D        | Found an opulent altar of Gozag.
    59 | D        | Found a glowing golden altar of the Shining One.
    59 | D        | Found a glowing silver altar of Zin.
    59 | D        | Found a basalt altar of Yredelemnul.
    59 | D        | Found a shimmering altar of Xom.
    59 | D        | Found an ornate altar of the Wu Jian Council.
    59 | D        | Found a sacrificial altar of Ru.
    59 | D        | Found a stormy altar of Qazlal.
    59 | D        | Found an iron altar of Okawaru.
    59 | D        | Found a sparkling altar of Nemelex Xobeh.
    59 | D        | Found a burning altar of Makhleb.
    59 | D        | Found a blossoming altar of Fedhas.
    59 | D        | Found a white marble altar of Elyvilon.
    59 | D        | Found a shadowy altar of Dithmenos.
    59 | D        | Found a snail-covered altar of Cheibriados.
    60 | D        | Found a radiant altar of Vehumet.
    60 | D        | Found a corrupted altar of Lugonu.
    61 | D        | Found an ancient bone altar of Kikubaaqudgha.
    61 | D        | Found a hide-covered altar of Uskayaw.
    61 | D        | Found a broken altar of Ashenzari.
    62 | D        | Became a worshipper of Sif Muna the Loreminder
    62 | D        | Reached * piety under Sif Muna
    62 | D        | Reached ** piety under Sif Muna
    81 | D        | Reached skill level 1 in Spellcasting
   229 | D        | Noticed a scorpion
   242 | D        | Killed a scorpion
   243 | D        | Reached skill level 5 in Unarmed Combat
   243 | D        | Reached XP level 2. HP: 26/28 MP: 2/5
   243 | D        | Reached XP level 3. HP: 32/34 MP: 2/6
   400 | D        | Reached XP level 4. HP: 36/41 MP: 6/8
   519 | D        | Noticed Duvessa
   526 | D        | Reached *** piety under Sif Muna
   527 | D        | Reached skill level 5 in Fighting
   561 | D        | HP: 1/42 [Duvessa/+1 vampiric short sword (2)]
   575 | D        | HP: 1/63 [Duvessa/+1 vampiric short sword (7)]
   579 | D        | Killed Duvessa
   580 | D        | Reached skill level 5 in Dodging
   580 | D        | Reached skill level 7 in Unarmed Combat
   580 | D        | Reached XP level 5. HP: 2/50 MP: 8/11
   745 | D        | Noticed Dowan
   755 | D        | Reached skill level 5 in Stealth
   777 | D        | Killed Dowan
   777 | D        | Reached **** piety under Sif Muna
   778 | D        | Reached skill level 8 in Unarmed Combat
   778 | D        | Reached XP level 6. HP: 58/58 MP: 12/12
   836 | D        | Noticed Terence
   836 | D        | Noticed a sky beast
   845 | D        | Killed Terence
   859 | D        | Reached skill level 5 in Spellcasting
   867 | D        | Killed a sky beast
   867 | D        | Reached ***** piety under Sif Muna
   868 | D        | Reached skill level 9 in Unarmed Combat
   900 | D        | Your scales start taking on a glossy black colour.
   900 | D        | Reached XP level 7. HP: 66/66 MP: 13/15
   900 | D        | Gained mutation: You are resistant to electric shocks.
                  | (rElec) [Black Draconian growth]
   914 | D        | Noticed an orange demon
   933 | D        | Killed an orange demon
   933 | D        | Received a gift from Sif Muna
   934 | D        | Reached skill level 10 in Unarmed Combat
  1122 | D        | Noticed a small abomination
  1127 | D        | Killed a small abomination
  1128 | D        | Reached XP level 8. HP: 62/75 MP: 17/17
  1135 | D        | Received a gift from Sif Muna
  1138 | D        | Got Sif Muna's Collected Works on Calorific Combat Magic
                  | {god gift}
  1311 | D        | Learned a level 1 spell: Shock
  1358 | D        | Noticed a komodo dragon
  1358 | D        | Noticed a demonic crawler
  1378 | D        | Killed a demonic crawler
  1379 | D        | Reached skill level 11 in Unarmed Combat
  1447 | D        | Killed a komodo dragon
  1631 | D        | Noticed a komodo dragon
  1654 | D        | Killed a komodo dragon
  1877 | D        | Reached skill level 12 in Unarmed Combat
  1877 | D        | Reached XP level 9. HP: 78/85 MP: 20/20
  1889 | D        | Received a gift from Sif Muna
  1890 | D        | Got Sif Muna's Atlas of the Turbulent Iceberg {god gift}
  1898 | D        | Learned a level 6 spell: Conjure Ball Lightning
  2007 | D        | Noticed a deep troll
  2032 | D        | HP: 2/85 [deep troll (4)]
  2032 | D        | Mangled by a deep troll

Illustrated notes

Levels and vault maps discovered:
D:        pitsprint [storerooms_1, entrance_room_1, metal_vault_4, armoury_3,
          mini_pit_1, grid_room_1, main_hall_1, silver_pit, the_coven_1,
          the_vestibule_1, steel_vault_2, golden_pit, hallway_of_sentries,
          crystal_vault_2, iron_vault_1, final_vault]

Skill      XL: |  1  2  3  4  5  6  7  8 |
---------------+-------------------------+-----
Dodging        | 3 4 5 6 7 8 |  8.2
Stealth        | 3 4 5 6 7 8 |  8.8
Spellcasting   | 2 4 5 6 7 |  7.7
Fighting       | 4 6 7 8 9 |  9.9
Unarmed Combat | 5 7 8 9 10 12 | 12.2
Air Magic      | 4 |  4.6

Action                   |  1- 3 |  4- 6 |  7- 9 || total
-------------------------+-------+-------+-------++-------
Melee: Unarmed           |    35 |    71 |    83 ||   189
       Tailslap          |     7 |    12 |    18 ||    37
       Punch             |     1 |     3 |     6 ||    10
 Cast: Shock             |       |       |     6 ||     6
 Abil: Breathe Lightning |       |       |     1 ||     1
  Use: Potion            |     2 |     2 |     4 ||     8
 Stab: Sleeping          |       |     3 |     1 ||     4
       Invisible         |       |       |     3 ||     3
Armor: Skin              |     6 |    14 |    18 ||    38
Dodge: Dodged            |    15 |    35 |    47 ||    97

Table legend: (Time is in decaauts)
 A = Elapsed time spent in this place.
 B = Non-inter-level travel time spent in this place.
 C = Inter-level travel time spent in this place.
 D = Time resting spent in this place.
 E = Time spent auto-exploring this place.
 F = Levels seen in this place.
 G = Mean time per level.
                   A        B        C        D        E       F      G
               +--------+--------+--------+--------+--------+-----+--------+
         Total |   2038 |   1994 |     44 |   1476 |      0 |   1 | 2038.0 |
       Dungeon |   2038 |   1994 |     44 |   1476 |      0 |   1 | 2038.0 |
               +--------+--------+--------+--------+--------+-----+--------+

Top non-repeatable levels by time:
       D: 2038 daAuts
